[Event "Titled Tuesday Blitz January 03 Early 2023"]
[White "Naroditsky, Daniel"]
[Black "Tang, Andrew"]
[WhiteFideId "2026961"]
[BlackFideId "2059630"]
[WhiteElo "2618"]
[BlackElo "2523"]
[Result "1/2-1/2"]
[Round "06"]
[TimeControl "180+2"]
[Date "2023.01.03"]
[WhiteClock "0:02:37"]
[BlackClock "0:02:44"]

1. e4 e5 2. Nf3 Nc6 3. Bb5 g6 4. c3 a6 5. Bxc6 dxc6 6. d4 exd4 7. cxd4 Bg7 8. h3 Ne7 9. Nc3 O-O 10. O-O h6 11. Bf4 g5 12. Be5 g4 1/2-1/2


[Site "https://www.chess.com"]

[Event "Titled Tuesday Blitz January 03 Early 2023"]
[White "Jobava, Baadur"]
[Black "Jones, Gawain C B"]
[WhiteFideId "13601520"]
[BlackFideId "409561"]
[WhiteElo "2578"]
[BlackElo "2618"]
[Result "1/2-1/2"]
[Round "06"]
[TimeControl "180+2"]
[Date "2023.01.03"]
[WhiteClock "0:00:08"]
[BlackClock "0:00:09"]

1. e4 e5 2. Nf3 Nc6 3. d4 exd4 4. Nxd4 Nf6 5. Nxc6 bxc6 6. Bd3 d5 7. exd5 cxd5 8. O-O Be7 9. h3 O-O 10. Nd2 Re8 11. Re1 a5 12. a4 Ba6 13. Nf3 Bxd3 14. Qxd3 Bb4 15. Rxe8+ Qxe8 16. Bg5 Qe4 17. Rd1 Be7 18. b3 Qxd3 19. Rxd3 c6 20. Nd4 Rc8 21. Nf5 Kf8 22. Re3 Bd8 23. Bf4 Bc7 24. Bg5 Bd8 25. Kf1 Ne4 26. Bxd8 Rxd8 27. f3 Nd6 28. Nxd6 Rxd6 29. Ke2 c5 30. Kd3 f6 31. g4 g5 32. f4 gxf4 33. Rf3 Ke7 34. Rxf4 Re6 35. Rf5 Kd6 36. Rh5 Re7 37. Rh6 Ke5 38. Rh5+ Kd6 39. Rf5 Re6 40. c3 Kc6 41. Rh5 Re1 42. Rxh7 Rd1+ 43. Kc2 Rf1 44. Rh6 Kd7 45. h4 Rf2+ 46. Kd3 Rf3+ 47. Kd2 Ke7 48. g5 fxg5 49. hxg5 Rf2+ 50. Kd3 Rf3+ 51. Kd2 Rf2+ 52. Ke3 Rc2 53. Kd3 Rb2 54. Rb6 c4+ 55. Kd4 cxb3 56. Kxd5 Rg2 57. Rxb3 Rxg5+ 58. Kc6 Rg4 59. Kb5 Kd6 60. Kxa5 Kc5 61. Rb5+ Kc6 62. Rb4 Rg3 63. Rb3 Kc5 64. Ka6 Rg6+ 65. Ka7 Rg7+ 66. Rb7 Rg3 67. a5 Rg6 68. a6 Rh6 69. Rc7+ Kb5 70. c4+ Ka5 71. Rc5+ Kb4 72. Rc8 Ka5 73. Rc5+ Kb4 74. Rg5 Kxc4 75. Rg7 Kb5 76. Rb7+ Ka5 77. Rb1 Rxa6+ 78. Kb7 Rh6 79. Ra1+ Kb5 80. Rb1+ Kc5 81. Rc1+ Kb5 82. Rb1+ Kc5 83. Rc1+ Kb5 84. Rb1+ 1/2-1/2


[Site "https://www.chess.com"]

[Event "Titled Tuesday Blitz January 03 Early 2023"]
[White "Yeletsky, Ivan"]
[Black "Sarana, Alexey"]
[WhiteFideId "24180327"]
[BlackFideId "24133795"]
[WhiteElo "2494"]
[BlackElo "2685"]
[Result "0-1"]
[Round "06"]
[TimeControl "180+2"]
[Date "2023.01.03"]
[WhiteClock "0:00:01"]
[BlackClock "0:00:12"]

1. e4 e5 2. Nf3 Nc6 3. Nc3 Nf6 4. g3 d5 5. exd5 Nxd5 6. Bg2 Nxc3 7. bxc3 Bd6 8. O-O O-O 9. d3 Rb8 10. Ng5 Bf5 11. Rb1 Qd7 12. Ne4 Be7 13. f4 b6 14. Kh1 exf4 15. gxf4 Nd8 16. Ng3 Bg4 17. Qd2 Bd6 18. Rg1 g6 19. Qf2 Ne6 20. f5 Bxg3 21. Qxg3 Bxf5 22. Bh6 Rfe8 23. Rbf1 Ng7 24. Qg5 Qe6 25. c4 c6 26. Qc1 Bh3 27. Qb2 Bxg2+ 28. Rxg2 Nh5 29. Rgf2 f6 30. Rxf6 Nxf6 31. Rxf6 Qd7 32. Rf1 Re6 33. Qc1 Rbe8 34. Qd2 Qe7 35. Bg5 Qc5 36. Qf4 Rf8 37. Qxf8+ Qxf8 38. Rxf8+ Kxf8 39. Bf4 Re1+ 40. Kg2 Re2+ 41. Kf3 Rxc2 42. a3 Ke7 43. Bb8 a6 44. Bc7 b5 45. cxb5 axb5 0-1


[Site "https://www.chess.com"]

[Event "Titled Tuesday Blitz January 03 Early 2023"]
[White "Paravyan, David"]
[Black "Zhigalko, Sergei"]
[WhiteFideId "4194985"]
[BlackFideId "13502956"]
[WhiteElo "2601"]
[BlackElo "2572"]
[Result "0-1"]
[Round "06"]
[TimeControl "180+2"]
[Date "2023.01.03"]
[WhiteClock "0:00:07"]
[BlackClock "0:00:07"]

1. e4 Nf6 2. e5 Nd5 3. d4 Nb6 4. c4 d6 5. f4 g6 6. Nc3 c6 7. Be3 Bg7 8. Nf3 Be6 9. b3 N8d7 10. Ng5 O-O 11. Bd3 c5 12. d5 Bf5 13. Bxf5 gxf5 14. Qh5 h6 15. Nf3 e6 16. g4 dxe5 17. gxf5 Nf6 18. Qh3 exf5 19. Nxe5 Ng4 20. O-O-O Nd7 21. Rhg1 Qf6 22. Bd2 Ndxe5 23. fxe5 Qxe5 24. Qd3 Nf2 25. Qf3 Nxd1 26. Kxd1 Kh7 27. Re1 Qf6 28. Rf1 Rae8 29. Qxf5+ Qg6 30. Nb5 a6 31. Nd6 Re7 32. Qxg6+ fxg6 33. Re1 Rxe1+ 34. Bxe1 b6 35. Nb7 Be5 36. d6 Bxh2 37. d7 Bc7 38. b4 Rf7 39. bxc5 Rxd7+ 40. Ke2 bxc5 41. Nxc5 Re7+ 42. Kf1 Bd6 43. Nxa6 Ra7 44. c5 Rxa6 45. cxd6 Rxd6 46. a4 Rd3 47. a5 Ra3 48. Ke2 h5 49. Bb4 Ra4 50. Be1 g5 51. Kd3 h4 52. Kc2 h3 0-1


[Site "https://www.chess.com"]

[Event "Titled Tuesday Blitz January 03 Early 2023"]
[White "Kozak, Adam"]
[Black "Keymer, Vincent"]
[WhiteFideId "753246"]
[BlackFideId "12940690"]
[WhiteElo "2572"]
[BlackElo "2700"]
[Result "0-1"]
[Round "06"]
[TimeControl "180+2"]
[Date "2023.01.03"]
[WhiteClock "0:00:01"]
[BlackClock "0:00:02"]

1. e4 c6 2. d4 d5 3. e5 Bf5 4. g4 Be4 5. f3 Bg6 6. e6 Qd6 7. exf7+ Bxf7 8. Nc3 Nd7 9. Nge2 e5 10. Be3 h5 11. g5 Ne7 12. Qd2 Nf5 13. Bh3 Be6 14. Bxf5 Bxf5 15. O-O-O O-O-O 16. Ng3 Bg6 17. f4 exd4 18. Bxd4 h4 19. Nge2 c5 20. Be5 Nxe5 21. fxe5 Qxe5 22. Nf4 Bf7 23. g6 Bg8 24. Rhe1 Qg5 25. Ncxd5 Bd6 26. Ne6 Qxd2+ 27. Rxd2 Re8 28. Nf6 gxf6 29. Rxd6 Rh6 30. g7 f5 31. Re5 Rhxe6 32. Rxc5+ Kb8 33. Rxe6 Rxe6 34. Rxf5 Re8 35. Rf8 Rc8 36. Kd2 Kc7 37. Ke3 Kd7 38. Kf4 Re8 39. Kg5 Ke7 40. Rxe8+ Kxe8 41. a3 h3 42. Kf6 Kd7 43. b3 b5 44. b4 a6 45. Ke5 Ke7 46. Kf4 Kf6 47. Ke4 Kxg7 48. Kd4 Kf6 49. Kc5 Ke5 50. Kb6 Kf4 51. Kxa6 Bc4 52. Kb6 Kf3 53. Kc5 Bf1 54. c4 bxc4 55. Kd4 Kg2 56. b5 c3 57. b6 c2 58. b7 c1=Q 59. b8=Q Qd2+ 60. Ke4 Qd3+ 61. Kf4 Kxh2 62. Kg4+ Kg2 63. Qb2+ Be2+ 64. Kf4 h2 0-1


[Site "https://www.chess.com"]

[Event "Titled Tuesday Blitz January 03 Early 2023"]
[White "Madaminov, Mukhiddin"]
[Black "Narayanan, Srinath"]
[WhiteFideId "14210703"]
[BlackFideId "5018420"]
[WhiteElo "2422"]
[BlackElo "2559"]
[Result "1-0"]
[Round "06"]
[TimeControl "180+2"]
[Date "2023.01.03"]
[WhiteClock "0:01:16"]
[BlackClock "0:00:58"]

1. d4 d5 2. Nc3 Nf6 3. Bf4 c5 4. e4 Nxe4 5. Nxe4 dxe4 6. dxc5 Qa5+ 7. c3 Qxc5 8. Qa4+ Nc6 9. Qxe4 g6 10. Nf3 Bg7 11. Qe3 Qxe3+ 12. Bxe3 O-O 13. O-O-O Be6 14. Kb1 Rac8 15. Be2 Rfd8 16. Rxd8+ Rxd8 17. Rd1 Rxd1+ 18. Bxd1 Bd5 19. Kc2 b6 20. g3 Kf8 21. a4 Ne5 22. Nxe5 Bxe5 23. Be2 Ke8 24. b4 Kd7 25. c4 Bc6 26. Kb3 Kc7 27. a5 h5 28. h4 Bd6 29. Kc3 Be5+ 30. Bd4 Bxd4+ 31. Kxd4 Kd6 32. f4 Kc7 33. axb6+ axb6 34. Ke5 Bd7 35. Bd3 f6+ 36. Kd4 Be8 37. c5 Bf7 38. Bb5 Be6 39. Be8 Bf5 40. Kd5 Bc2 41. cxb6+ Kd8 42. b7 Bb3+ 43. Kc6 1-0


[Site "https://www.chess.com"]

[Event "Titled Tuesday Blitz January 03 Early 2023"]
[White "Nakamura, Hikaru"]
[Black "Abasov, Nijat"]
[WhiteFideId "2016192"]
[BlackFideId "13402960"]
[WhiteElo "2775"]
[BlackElo "2634"]
[Result "1-0"]
[Round "06"]
[TimeControl "180+2"]
[Date "2023.01.03"]
[WhiteClock "0:01:44"]
[BlackClock "0:00:03"]

1. g3 d5 2. Bg2 Nf6 3. d3 c5 4. c4 e6 5. Nf3 Nc6 6. cxd5 exd5 7. d4 cxd4 8. Nxd4 Bc5 9. Nb3 Bb6 10. O-O O-O 11. Nc3 d4 12. Na4 Re8 13. h3 Ne4 14. Nxb6 Qxb6 15. e3 Bf5 16. exd4 Rad8 17. Be3 Nxg3 18. fxg3 Rxe3 19. Rxf5 Nxd4 20. Nxd4 Rxd4 21. Qf1 Rd2 22. Kh1 Ree2 23. Re1 Qe3 24. Rxf7 Qe8 25. Rxe2 Rxe2 26. Rf8+ 1-0


[Site "https://www.chess.com"]

[Event "Titled Tuesday Blitz January 03 Early 2023"]
[White "Fedoseev, Vladimir"]
[Black "Galchenko, Matvey"]
[WhiteFideId "24130737"]
[BlackFideId "24175480"]
[WhiteElo "2680"]
[BlackElo "2438"]
[Result "1-0"]
[Round "06"]
[TimeControl "180+2"]
[Date "2023.01.03"]
[WhiteClock "0:00:13"]
[BlackClock "0:00:01"]

1. d4 Nf6 2. c4 c5 3. d5 e6 4. Nc3 exd5 5. cxd5 d6 6. e4 g6 7. Nf3 a6 8. a4 Bg4 9. Qb3 Bxf3 10. Qxb7 Nbd7 11. gxf3 Bg7 12. Bf4 Rb8 13. Qxa6 Nh5 14. Bc1 O-O 15. Be2 f5 16. exf5 Rxf5 17. Ne4 Be5 18. a5 Ra8 19. Qb5 Nf4 20. a6 Nxe2 21. Kxe2 Rf7 22. Bg5 Qf8 23. a7 h6 24. Be3 Kh7 25. Ra6 Qe8 26. Rha1 Qe7 27. R1a4 Qf8 28. Qc6 Bg7 29. Nxd6 Ne5 30. Qb5 Rd7 31. f4 Rxd6 32. Rxd6 Qxd6 33. Qb7 Qd8 34. fxe5 Qe8 35. Rf4 c4 36. Rf7 1-0


[Site "https://www.chess.com"]

[Event "Titled Tuesday Blitz January 03 Early 2023"]
[White "Bortnyk, Olexandr"]
[Black "Boros, Denes"]
[WhiteFideId "14120828"]
[BlackFideId "722340"]
[WhiteElo "2605"]
[BlackElo "2406"]
[Result "0-1"]
[Round "06"]
[TimeControl "180+2"]
[Date "2023.01.03"]
[WhiteClock "0:00:42"]
[BlackClock "0:00:12"]

1. e4 e5 2. Bc4 Nf6 3. d3 Bc5 4. Nc3 O-O 5. Nge2 Ng4 6. d4 exd4 7. Na4 Bb4+ 8. c3 dxc3 9. O-O d6 10. a3 Ba5 11. b4 Bb6 12. Nxb6 axb6 13. Nxc3 Qh4 14. h3 Ne5 15. Bd5 Bxh3 16. f4 Qg3 17. Qc2 Ng4 18. Rd1 c6 19. Ba2 Qh2+ 20. Kf1 Qh1+ 21. Ke2 Qxg2+ 22. Kd3 Nf2+ 23. Ke3 Qg3+ 24. Kd4 b5 25. Ne2 Qf3 26. Rg1 c5+ 27. Kd5 Be6+ 28. Kxd6 Nxe4+ 29. Kc7 Rc8+ 30. Kb6 Ra6+ 0-1


[Site "https://www.chess.com"]

[Event "Titled Tuesday Blitz January 03 Early 2023"]
[White "Sethuraman, S.P."]
[Black "Pranav, V"]
[WhiteFideId "5021596"]
[BlackFideId "25060783"]
[WhiteElo "2626"]
[BlackElo "2597"]
[Result "0-1"]
[Round "06"]
[TimeControl "180+2"]
[Date "2023.01.03"]
[WhiteClock "0:00:01"]
[BlackClock "0:00:18"]

1. e4 Nc6 2. Nf3 e5 3. Bc4 Nf6 4. d3 h6 5. c3 d6 6. a4 g6 7. Qb3 Qe7 8. a5 a6 9. Nbd2 Bg7 10. Nf1 O-O 11. h3 Rb8 12. Ng3 Be6 13. O-O Nd7 14. Bxe6 fxe6 15. Qd1 Kh7 16. Be3 d5 17. Re1 Rbd8 18. Qe2 d4 19. cxd4 exd4 20. Bd2 Nc5 21. Ra3 e5 22. h4 Qe8 23. h5 g5 24. Nf5 Ne6 25. Rb3 Nc5 26. Ra3 Ne6 27. g3 Bf6 28. Rb3 Nc5 29. Ra3 Rb8 30. Rc1 Ne6 31. Nh2 Ne7 32. Ng4 Bg7 33. Bb4 Rf7 34. Bxe7 Rxe7 35. Nxe7 Qxe7 36. Rb3 Nc5 37. Ra3 c6 38. Kg2 Rf8 39. Qc2 Ne6 40. Rb3 Qd7 41. Qe2 Rf7 42. Nh2 Bf8 43. Nf3 Bg7 44. Nd2 Qe7 45. Nc4 Nc5 46. Ra3 Ne6 47. Raa1 Nc5 48. Rab1 Rf8 49. b4 Ne6 50. Rc2 Rf7 51. Nb6 Nc7 52. Na4 Nb5 53. Qg4 Rf8 54. Rc5 Qf7 55. Rc2 Na3 56. Rbb2 Nxc2 57. Rxc2 Qb3 58. Rd2 Qxa4 0-1


[Site "https://www.chess.com"]

[Event "Titled Tuesday Blitz January 03 Early 2023"]
[White "Bluebaum, Matthias"]
[Black "Gunina, Valentina"]
[WhiteFideId "24651516"]
[BlackFideId "4167570"]
[WhiteElo "2669"]
[BlackElo "2469"]
[Result "1-0"]
[Round "06"]
[TimeControl "180+2"]
[Date "2023.01.03"]
[WhiteClock "0:00:34"]
[BlackClock "0:00:05"]

1. d4 d5 2. c4 c6 3. Nf3 Nf6 4. Nc3 dxc4 5. e4 b5 6. Qc2 a6 7. Be2 Bg4 8. O-O e6 9. b3 cxb3 10. axb3 Nbd7 11. Ne5 Bxe2 12. Nxe2 c5 13. Nxd7 Nxd7 14. Bb2 Rc8 15. d5 Qb6 16. dxe6 Qxe6 17. Nf4 Qh6 18. Nd5 Bd6 19. e5 Nxe5 20. Rfe1 O-O 21. Bxe5 Bxe5 22. Rxe5 Kh8 23. h3 c4 24. bxc4 Rxc4 25. Qe2 Qd6 26. Rd1 Qb8 27. Re7 Rcc8 28. Qg4 a5 29. Ne3 Qb6 30. Rxf7 Qg6 31. Rxf8+ Rxf8 32. Qf4 Qe8 33. Qg5 a4 34. Qc5 h6 35. Rb1 Qe4 36. Qxb5 a3 37. Ra1 Qd4 38. Rxa3 Qd2 39. Qf1 Kh7 40. Qd3+ 1-0


[Site "https://www.chess.com"]

[Event "Titled Tuesday Blitz January 03 Early 2023"]
[White "Sjugirov, Sanan"]
[Black "Sanal, Vahap"]
[WhiteFideId "4189302"]
[BlackFideId "6300545"]
[WhiteElo "2712"]
[BlackElo "2600"]
[Result "0-1"]
[Round "06"]
[TimeControl "180+2"]
[Date "2023.01.03"]
[WhiteClock "0:00:03"]
[BlackClock "0:00:47"]

1. e4 d6 2. d4 Nf6 3. Nc3 e5 4. Nf3 Nbd7 5. Bc4 Be7 6. O-O O-O 7. Re1 c6 8. a4 h6 9. h3 Re8 10. Ba2 exd4 11. Nxd4 Bf8 12. Bf4 Nc5 13. Qf3 Ne6 14. Nxe6 Bxe6 15. Bxe6 Rxe6 16. a5 Qc7 17. Qd3 Rae8 18. Bh2 Qe7 19. f3 d5 20. e5 Nd7 21. f4 f6 22. f5 Qc5+ 23. Kh1 Nxe5 24. Qf1 R6e7 25. a6 b6 26. Bg1 Qd6 27. b3 Nd7 28. Rxe7 Rxe7 29. Bh2 Qc5 30. Ne2 Qxc2 31. Nd4 Qc3 32. Ne6 Re8 33. Rc1 Qxb3 34. Rxc6 Nc5 35. Nxf8 Kxf8 36. Rc7 Kg8 37. Rxa7 Qc3 38. Bg1 Re1 39. Qf4 Qa1 40. Kh2 Rxg1 41. Rxg7+ Kxg7 42. Qc7+ Kf8 43. Qd8+ Kf7 44. Qc7+ Ke8 45. Qc6+ Ke7 46. a7 Rh1+ 47. Kg3 Qe5+ 0-1


[Site "https://www.chess.com"]

[Event "Titled Tuesday Blitz January 03 Early 2023"]
[White "Tactrics"]
[Black "Narayanan.S.L"]
[BlackFideId "5058422"]
[WhiteElo "2846"]
[BlackElo "2660"]
[Result "1-0"]
[Round "06"]
[TimeControl "180+2"]
[Date "2023.01.03"]
[WhiteClock "0:00:20"]
[BlackClock "0:00:37"]

1. e4 g6 2. Nc3 Bg7 3. Nf3 d6 4. d4 a6 5. a4 e6 6. h3 h6 7. Be2 Ne7 8. Be3 Nd7 9. O-O b6 10. Nd2 Bb7 11. f4 O-O 12. Bf3 d5 13. e5 c5 14. Ne2 Nf5 15. Bf2 f6 16. c3 fxe5 17. fxe5 Qe7 18. Qe1 Kh7 19. g4 Nxd4 20. cxd4 cxd4 21. Bxd4 Nxe5 22. Bg2 Nd3 23. Qg3 Nxb2 24. Qc3 Rxf1+ 25. Kxf1 Nc4 26. Nxc4 dxc4 27. Bxg7 Bxg2+ 28. Kxg2 Qxg7 29. Rb1 Qb7+ 30. Qf3 Ra7 31. Nd4 c3 32. Nc6 Ra8 33. Nd4 Qxf3+ 34. Kxf3 Rc8 35. Ke4 g5 36. Kd3 e5 37. Nc2 Rc6 38. Nb4 e4+ 39. Kc2 Rc4 40. Nd5 Rxa4 41. Rxb6 Ra2+ 42. Kxc3 Rh2 43. Kd4 Rxh3 44. Kxe4 Kg7 45. Nf6 Rc3 46. Nh5+ Kh7 47. Rb7+ Kg8 48. Kf5 Kf8 49. Nf6 h5 50. Kg6 1-0


[Site "https://www.chess.com"]

[Event "Titled Tuesday Blitz January 03 Early 2023"]
[White "Oparin, Grigoriy"]
[Black "Bryakin, Mikhail"]
[WhiteFideId "24125890"]
[BlackFideId "4165314"]
[WhiteElo "2667"]
[BlackElo "2455"]
[Result "1/2-1/2"]
[Round "06"]
[TimeControl "180+2"]
[Date "2023.01.03"]
[WhiteClock "0:00:02"]
[BlackClock "0:01:17"]

1. g3 g6 2. Bg2 Bg7 3. c4 c5 4. Nc3 Nc6 5. b3 Nf6 6. Bb2 O-O 7. e3 e6 8. Nge2 b6 9. O-O Bb7 10. d4 cxd4 11. Nxd4 d5 12. Nxc6 Bxc6 13. Rc1 Rc8 14. Ba3 Re8 15. cxd5 Nxd5 16. Nxd5 exd5 17. Qd2 Qd7 18. Rfd1 d4 19. Bxc6 Rxc6 20. Rxc6 Qxc6 21. exd4 Qd5 22. Qd3 Rd8 23. Bb2 h5 24. h4 Bf6 25. Kh2 Re8 26. Bc3 b5 27. Bb2 a6 28. Bc1 Rd8 29. Be3 Rc8 30. Bf4 Re8 31. Kg1 Rc8 32. Qe3 Rd8 33. Bg5 Rd6 34. Bxf6 Rxf6 35. Qe8+ Kh7 36. Qe5 Qf3 37. Rf1 Re6 38. Qc7 Re2 39. d5 Qxd5 40. a4 Qxb3 1/2-1/2


[Site "https://www.chess.com"]

[Event "Titled Tuesday Blitz January 03 Early 2023"]
[White "Bortnyk, Mykola"]
[Black "Donchenko, Alexander"]
[WhiteFideId "14120836"]
[BlackFideId "24603295"]
[WhiteElo "2425"]
[BlackElo "2669"]
[Result "1-0"]
[Round "06"]
[TimeControl "180+2"]
[Date "2023.01.03"]
[WhiteClock "0:00:27"]
[BlackClock "0:00:04"]

1. e4 c6 2. d4 d5 3. Nc3 dxe4 4. Nxe4 Nf6 5. Nxf6+ exf6 6. Bc4 Bd6 7. Qe2+ Qe7 8. Qxe7+ Kxe7 9. Bd3 Rd8 10. Ne2 Kf8 11. Be3 h6 12. O-O-O Nd7 13. c4 a5 14. Nc3 h5 15. h3 g5 16. h4 g4 17. f3 Re8 18. Ne4 Bc7 19. Bh6+ Kg8 20. Rhe1 f5 21. Ng5 Nf6 22. fxg4 hxg4 23. Rxe8+ Nxe8 24. Re1 Bf4+ 25. Kc2 Nd6 26. c5 Ne4 27. Nxe4 fxe4 28. Bxf4 exd3+ 29. Kxd3 Be6 30. Re5 Kg7 31. Rg5+ Kf6 32. Be5+ Ke7 33. h5 f6 34. Rg7+ Bf7 35. Bd6+ Ke6 36. h6 Rh8 37. Bf4 Ke7 38. Rxg4 Bxa2 39. Rh4 a4 40. g3 Ke6 41. Rh2 Rh7 42. g4 Bd5 43. Re2+ Kf7 44. g5 fxg5 45. Bxg5 Kg6 46. Be3 Re7 47. Re1 Be4+ 48. Kd2 Bd5 49. Ra1 Bb3 50. Rg1+ Kh7 51. Rg5 Rf7 52. Re5 Rf3 53. Kc3 Rf7 54. Kb4 Rf6 55. Ka5 Re6 56. Kb6 Rxe5 57. dxe5 Kg6 58. Kxb7 Bd5 59. Kc7 Kf7 60. Kd7 Be6+ 61. Kxc6 1-0


[Site "https://www.chess.com"]

[Event "Titled Tuesday Blitz January 03 Early 2023"]
[White "Svane, Rasmus"]
[Black "Kravtsiv, Martyn"]
[WhiteFideId "4657101"]
[BlackFideId "14113147"]
[WhiteElo "2623"]
[BlackElo "2598"]
[Result "1/2-1/2"]
[Round "06"]
[TimeControl "180+2"]
[Date "2023.01.03"]
[WhiteClock "0:00:03"]
[BlackClock "0:00:11"]

1. Nf3 d5 2. g3 Nf6 3. Bg2 e6 4. O-O Be7 5. c4 O-O 6. b3 d4 7. e3 c5 8. Ne5 Qc7 9. f4 Nbd7 10. Nd3 e5 11. Bb2 Rd8 12. Na3 a6 13. Nc2 Bd6 14. fxe5 Nxe5 15. Nxe5 Bxe5 16. exd4 cxd4 17. Qf3 Rb8 18. Rae1 b5 19. d3 bxc4 20. dxc4 Be6 21. Qe2 Ng4 22. Kh1 h5 23. Ba1 Bf6 24. Qd3 Ne5 25. Qe4 d3 26. Bxe5 Bxe5 27. Qxe5 Qxe5 28. Rxe5 dxc2 29. Re2 Bf5 30. Ree1 Bg6 31. Rc1 Rd2 32. c5 Rc8 33. c6 Kf8 34. Kg1 Rcd8 35. Bf3 Ke7 36. Rf2 R8d6 37. Rxd2 Rxd2 38. Kf1 Kd6 39. Ke1 Rxh2 40. Be2 Rh1+ 41. Kd2 Rxc1 42. Kxc1 Kxc6 43. Bxa6 Kc5 44. a3 Be4 45. Kd2 g5 46. b4+ Kb6 47. Bf1 h4 48. gxh4 gxh4 49. a4 Bf5 50. a5+ Kc7 51. b5 h3 52. b6+ Kb7 53. Kc1 Be6 54. Kd2 Bf5 55. Kc1 Kc6 56. Kd2 Kb7 1/2-1/2


[Site "https://www.chess.com"]

[Event "Titled Tuesday Blitz January 03 Early 2023"]
[White "Shimanov, Aleksandr"]
[Black "Boruchovsky, Avital"]
[WhiteFideId "4198603"]
[BlackFideId "2800055"]
[WhiteElo "2581"]
[BlackElo "2539"]
[Result "1-0"]
[Round "06"]
[TimeControl "180+2"]
[Date "2023.01.03"]
[WhiteClock "0:00:15"]
[BlackClock "0:00:07"]

1. e4 e6 2. d4 d5 3. Nc3 Bb4 4. Ne2 dxe4 5. a3 Bxc3+ 6. Nxc3 Nc6 7. Bf4 Nf6 8. Bb5 Bd7 9. d5 exd5 10. Nxd5 Nxd5 11. Qxd5 O-O 12. O-O-O a6 13. Ba4 Qf6 14. Bxc7 Be6 15. Qxe4 Rac8 16. Bd6 Rfe8 17. Bxc6 Rxc6 18. Rd2 Rec8 19. Re1 h6 20. Be5 Qe7 21. Kb1 Qc5 22. Qb4 Qxb4 23. axb4 Rb6 24. Bd6 Rb5 25. b3 a5 26. Kb2 axb4 27. Re4 Rd5 28. Red4 Rxd4 29. Rxd4 Bf5 30. Rd2 Rc6 31. Bxb4 g5 32. c4 Kg7 33. Bc3+ Kg6 34. Rd5 Be6 35. Rb5 Rc7 36. Bd4 Rd7 37. Kc3 h5 38. Be3 f6 39. Rb6 Kf5 40. Bd4 h4 41. f3 Re7 42. g3 hxg3 43. hxg3 Kg6 44. b4 Kf7 45. b5 Rc7 46. c5 Rd7 47. f4 gxf4 48. gxf4 f5 49. Be5 Bd5 50. Rf6+ Ke7 51. Rxf5 Be4 52. Bd6+ 1-0


[Site "https://www.chess.com"]

[Event "Titled Tuesday Blitz January 03 Early 2023"]
[White "Kilic, Eray"]
[Black "Chigaev, Maksim"]
[WhiteFideId "44517173"]
[BlackFideId "4108116"]
[WhiteElo "2414"]
[BlackElo "2628"]
[Result "0-1"]
[Round "06"]
[TimeControl "180+2"]
[Date "2023.01.03"]
[WhiteClock "0:00:03"]
[BlackClock "0:00:08"]

1. e4 e6 2. d4 d5 3. Nc3 Nf6 4. Bg5 Bb4 5. e5 h6 6. Be3 Ne4 7. Qg4 Kf8 8. Bd3 Nxc3 9. a3 Ba5 10. Bd2 c5 11. bxc3 Nc6 12. Nf3 c4 13. Be2 b5 14. O-O Bd7 15. Nh4 h5 16. Qg3 Nxd4 17. cxd4 Bxd2 18. f4 Qb6 19. c3 a5 20. Rad1 Bxc3 21. Qxc3 b4 22. Rb1 Rb8 23. Qe3 g6 24. Nf3 Ba4 25. Rfc1 Ke7 26. axb4 axb4 27. f5 gxf5 28. Qg5+ Kd7 29. Qf6 Rhf8 30. Ra1 Ra8 31. Qg7 Qa7 32. Kh1 b3 33. Rab1 Qb6 34. Ng5 Qb4 35. Nh7 b2 36. Nxf8+ Rxf8 37. Rf1 c3 38. Bd3 c2 39. Bxc2 Bxc2 40. Rxb2 Qxb2 41. Qxf8 Be4 42. Qxf7+ Kc6 43. Qxe6+ Kb5 44. Qe8+ Kc4 45. Qg8 Qe2 46. Rg1 f4 47. Qc8+ Kxd4 48. Qb8 f3 49. Qb6+ Kxe5 50. Qc7+ Ke6 51. Qc8+ Kd6 52. Qd8+ Ke5 53. Qe7+ Kd4 54. Qf6+ Kd3 55. Qa6+ Ke3 56. Qa3+ Kf4 57. Qd6+ Ke3 58. Qa3+ Kf2 59. Qc5+ Qe3 60. Qxe3+ Kxe3 61. Ra1 f2 62. Ra3+ Bd3 63. Ra1 f1=Q+ 64. Rxf1 Bxf1 0-1


[Site "https://www.chess.com"]

[Event "Titled Tuesday Blitz January 03 Early 2023"]
[White "Bacrot, Etienne"]
[Black "Puranik, Abhimanyu"]
[WhiteFideId "605506"]
[BlackFideId "5061245"]
[WhiteElo "2667"]
[BlackElo "2613"]
[Result "1/2-1/2"]
[Round "06"]
[TimeControl "180+2"]
[Date "2023.01.03"]
[WhiteClock "0:00:14"]
[BlackClock "0:00:15"]

1. e4 Nc6 2. Nf3 e5 3. Bb5 a6 4. Ba4 Nf6 5. O-O b5 6. Bb3 Bb7 7. d3 Bd6 8. Nc3 O-O 9. a4 Na5 10. axb5 Nxb3 11. cxb3 Re8 12. Bg5 h6 13. Bh4 axb5 14. Rxa8 Bxa8 15. Nxb5 Bf8 16. Bxf6 Qxf6 17. Nxc7 Rc8 18. Nxa8 Rxa8 19. Nd2 Bb4 20. Nc4 Qe6 21. d4 exd4 22. Qxd4 Rb8 23. Rd1 Be7 24. Qe3 d6 25. g3 h5 26. h4 Rb5 27. Qf3 g6 28. Rd5 Rb4 29. Kg2 Bf8 30. Rd3 Rb5 31. Ne3 Rxb3 32. Rxb3 Qxb3 33. Qe2 Bg7 34. Nc4 Qb5 35. Qd3 Bxb2 36. Nxb2 Qxb2 37. Qxd6 Qe2 38. Qf4 Qe1 39. Qf3 Qd2 40. Qf4 Qe2 41. e5 Kg7 42. Qd4 Kg8 43. Qd5 Kg7 44. Qd4 Kg8 45. Qf4 Kg7 46. Qf6+ Kg8 47. e6 Qe4+ 48. Kg1 fxe6 49. Qd8+ Kf7 50. Qd7+ Kf6 51. Qd8+ Kf7 52. Qd7+ Kf6 53. Qd8+ Kf7 1/2-1/2


[Site "https://www.chess.com"]

[Event "Titled Tuesday Blitz January 03 Early 2023"]
[White "Dardha, Daniel"]
[Black "Zemlyanskii, Ivan"]
[WhiteFideId "240990"]
[BlackFideId "24249971"]
[WhiteElo "2631"]
[BlackElo "2300"]
[Result "1-0"]
[Round "06"]
[TimeControl "180+2"]
[Date "2023.01.03"]
[WhiteClock "0:00:40"]
[BlackClock "0:00:10"]

1. e4 c5 2. Nc3 a6 3. Nge2 d6 4. g3 b5 5. Bg2 Bb7 6. O-O Nf6 7. d4 cxd4 8. Nxd4 e5 9. Nf5 b4 10. Nd5 Nxd5 11. exd5 g6 12. Nh6 Bg7 13. a3 a5 14. Bd2 Nd7 15. axb4 axb4 16. Qg4 b3 17. cxb3 Nf6 18. Qb4 Qd7 19. Rxa8+ Bxa8 20. Ra1 Bxd5 21. Bxd5 Nxd5 22. Qc4 Qb7 23. Ra5 Nf6 24. Nxf7 d5 25. Qa4+ Kxf7 26. Ra7 Rb8 27. b4 Ne4 28. Rxb7+ Rxb7 29. Qc6 1-0


[Site "https://www.chess.com"]

[Event "Titled Tuesday Blitz January 03 Early 2023"]
[White "Nouri, Alekhine"]
[Black "Lenderman, Aleksandr"]
[WhiteFideId "5216184"]
[BlackFideId "2021285"]
[WhiteElo "2257"]
[BlackElo "2572"]
[Result "1/2-1/2"]
[Round "06"]
[TimeControl "180+2"]
[Date "2023.01.03"]
[WhiteClock "0:00:05"]
[BlackClock "0:00:15"]

1. e4 e6 2. d4 d5 3. Bd3 c5 4. exd5 exd5 5. Nf3 c4 6. Be2 Bd6 7. O-O Nf6 8. b3 cxb3 9. axb3 O-O 10. c4 Nc6 11. Nc3 Re8 12. Bg5 dxc4 13. bxc4 h6 14. Bh4 g5 15. Bg3 Bxg3 16. hxg3 g4 17. Ne5 Qxd4 18. Nxc6 Qxc3 19. Rxa7 Rxa7 20. Nxa7 Bf5 21. Nb5 Qe5 22. Re1 Bg6 23. Kf1 h5 24. Qd6 Ne4 25. Qxe5 Rxe5 26. Rd1 Rf5 27. Rd8+ Kg7 28. f3 Nxg3+ 29. Kf2 Nxe2 30. Kxe2 gxf3+ 31. gxf3 h4 32. Nd6 Re5+ 33. Kf2 Re7 34. f4 Kf6 35. Rb8 Rd7 36. c5 Ke6 37. Nxb7 Kd5 38. Rd8 Rxd8 39. Nxd8 f6 40. Kg2 Bf5 41. c6 Kd6 42. Nf7+ Kxc6 43. Nh6 Bd7 44. f5 Kd5 45. Kh3 Ke4 46. Kxh4 Bxf5 47. Ng8 Ke5 48. Nxf6 1/2-1/2


[Site "https://www.chess.com"]

[Event "Titled Tuesday Blitz January 03 Early 2023"]
[White "Terry, Renato"]
[Black "Rostomyan, Mikayel"]
[WhiteFideId "3803457"]
[BlackFideId "13313754"]
[WhiteElo "2520"]
[BlackElo "2222"]
[Result "1-0"]
[Round "06"]
[TimeControl "180+2"]
[Date "2023.01.03"]
[WhiteClock "0:00:30"]
[BlackClock "0:00:05"]

1. d4 Nf6 2. Nf3 c5 3. d5 b5 4. Bg5 g6 5. Bxf6 exf6 6. e4 b4 7. a3 Bg7 8. axb4 cxb4 9. Nbd2 O-O 10. Bd3 f5 11. O-O fxe4 12. Nxe4 Bxb2 13. Rb1 Bg7 14. Rxb4 a5 15. Ra4 d6 16. Bb5 Nd7 17. Qd2 Nb6 18. Ra2 Qc7 19. c4 Bd7 20. Rc1 Bxb5 21. cxb5 Qb7 22. Rc6 Rfd8 23. h3 a4 24. h4 h5 25. Qd3 Nc8 26. Qc4 Ne7 27. Nxd6 Qd7 28. Ne4 Qxd5 29. Qxd5 Nxd5 30. Rc4 a3 31. Nfg5 Bb2 32. g3 Rac8 33. Ra4 Nc3 34. R2xa3 Bxa3 35. Rxa3 Nxe4 36. Nxe4 Rb8 37. Rb3 Kg7 38. b6 Rdc8 39. Rb5 Rc1+ 40. Kg2 Rc6 41. b7 Rc7 42. Nc5 f6 43. Ne6+ 1-0


[Site "https://www.chess.com"]